Map: King's Cove LE

Players

Mez - Winner!

  • Race: Terran Terran
  • League: Master
  • Spawn Location: 5:00

pierOOg

  • Race: Zerg Zerg
  • League: Diamond
  • Spawn Location: 11:00

VOD

Have the link to the VOD?

Description

Time

  • Played on: Aug. 7, 2019, 1:13 p.m.
  • Length: 3:57
Show
View Real Time Build Order
Export as new Build Order

Mez Terran - Winner!

Build Orders: Reaper Expand 

Get SALT Encoding   

  12  0:00  SCV  
  13  0:12  SCV  
  14  0:18  Supply Depot  
  14  0:25  SCV  
  15  0:40  SCV, Barracks  
  16  0:45  Refinery  
  16  0:52  SCV  
  17  1:04  SCV  
  18  1:16  SCV  
  19  1:28  Orbital Command  
  19  1:31  Reaper  
  20  1:43  Command Center  
  20  1:53  Supply Depot  
  20  1:54  SCV  
  21  2:03  Marine  
  22  2:16  SCV  
  22  2:18  Factory  
  23  2:25  Marine  
  23  2:34  Bunker, SCV  
  24  2:38  Refinery  
  24  2:45  Barracks Tech Lab  
  24  2:46  SCV  
  25  2:56  Orbital Command  
  25  2:58  SCV  
  26  3:09  Cyclone  
  26  3:10  Marine  
  30  3:13  SCV  
  31  3:23  Starport  
  31  3:25  SCV  
  32  3:27  SCV  
  32  3:28  Marine  
  34  3:37  SCV  
  34  3:39  SCV  
Show
View Real Time Build Order
Export as new Build Order

pierOOg Zerg 

Build Orders: Pool First 

Get SALT Encoding   

  12  0:00  Drone  
  13  0:13  Overlord  
  13  0:18  Drone  
  14  0:24  Drone, Extractor  
  15  0:31  Drone  
  16  0:37  Drone  
  17  0:46  Spawning Pool  
  17  0:49  Drone  
  17  0:57  Drone  
  18  1:14  Hatchery  
  18  1:16  Extractor  
  18  1:18  Drone  
  17  1:21  Drone  
  18  1:33  Zergling x2  
  18  1:36  Queen  
  21  1:45  Roach Warren  
  20  1:47  Drone  
  21  1:55  Overlord  
  21  2:06  Drone  
  22  2:12  Queen  
  23  2:33  Roach x4  
  31  2:38  Queen  
  33  2:46  Overlord  
  33  2:53  Drone  
  33  2:54  Drone  
  33  2:55  Drone  
  36  3:03  Overlord  
  36  3:07  Drone  
  36  3:10  Drone  
  38  3:26  Drone x2  
  40  3:27  Drone  
  40  3:30  Drone  
  42  3:36  Drone, Extractor x2  
  42  3:37  Drone  
  42  3:40  Drone  
  43  3:43  Drone  
Tags
 
Add a new tag
Caveats
  • Supply blocks, unpowered buildings, or Contaminate may cause inaccurate times.
  • Supply counts are checked every 10 seconds.